 Dungeon Crawl Stone Soup version 0.29.1-15-g9cfb28693d (webtiles) character file.

Game seed: 16264890850404039532

137 vishdafish the Conjurer (level 5, 35/35 HPs)
             Began as a Demonspawn Conjurer on Mar 29, 2023.
             Quit the game on level 3 of the Dungeon.
             The game lasted 00:03:54 (2317 turns).

vishdafish the Conjurer (Demonspawn Conjurer)       Turns: 2317, Time: 00:03:54

Health: 35/35      AC:  3    Str:  7    XL:     5   Next: 0%
Magic:  6/10       EV: 12    Int: 21    God:
Gold:   106        SH:  0    Dex: 12    Spells: 2/11 levels left

rFire   . . .      SeeInvis .   l - +1 short sword (drain)
rCold   . . .      Faith    .   (no shield)
rNeg    . . .      Spirit   .   a - +0 robe
rPois   .          Reflect  .   (no helmet)
rElec   .          Harm     .   (no cloak)
rCorr   .          Rampage  .   (no gloves)
Will    .....                   (no boots)
Stlth   ++........              (no amulet)
HPRegen 1.11/turn               (no ring)
MPRegen 0.12/turn               (no ring)

@: no status effects
A: foul stench 1, powered by death 1, sharp scales 1
a: no special abilities


You were on level 3 of the Dungeon.
You visited 1 branch of the dungeon, and saw 3 of its levels.

You collected 106 gold pieces.

Inventory:

Hand Weapons
 g - a +0 club
 l - a +1 short sword of draining (weapon)
Missiles
 m - 8 javelins
Armour
 a - a +0 robe (worn)
Wands
 o - a wand of flame (10)
Scrolls
 c - 3 scrolls of identify
 e - a scroll of silence
 j - a scroll of magic mapping {unknown}
 n - a scroll of immolation {unknown}
Potions
 b - a potion of magic
 d - a potion of mutation {unknown}
 f - a potion of heal wounds
 h - a potion of attraction {unknown}
 i - a potion of degeneration {unknown}


   Skills:
 - Level 1.9 Dodging
 - Level 2.0 Stealth
 + Level 3.6 Spellcasting
 + Level 5.2 Conjurations


You had 2 spell levels left.
You knew the following spells:

 Your Spells              Type           Power      Damage    Failure   Level
a - Magic Dart            Conj           100%       1d8       1%          1
b - Fulminant Prism       Conj/Hex       7%         3d7       38%         4
c - Iskenderun's Mystic   Conj/Tloc      14%        2d5       38%         4

Your spell library contained the following spells:

 Spells                   Type           Power      Damage    Failure   Level
 Searing Ray              Conj           50%        2d6       2%          2
 Foxfire                  Conj/Fire      56%        2x1d6     4%          1
 Conjure Flame            Conj/Fire      14%        6-21      13%         3
 Dazzling Flash           Conj/Hex       28%        N/A       13%         3
 Inner Flame              Hex/Fire       3%         N/A       36%         3
 Flame Wave               Conj/Fire      14%        2d6       38%         4


Dungeon Overview and Level Annotations

Branches:
Dungeon (3/15)

Altars:

Annotations:
D:2 Sigmund


Innate Abilities, Weirdness & Mutations

You may rarely emit foul miasma when damaged in melee.
You regenerate a little health from kills.
You are partially covered in razor-sharp scales. (AC +1, Slay +1)


Message History

You barely miss the goblin. The goblin hits you with a +0 dagger.
You hit the goblin.
You kill the goblin!
No target in view!
No target in view!
You now have 82 gold pieces (gained 13).
Items here: )) [[.
You see here a +3 flail.
A rat comes into view.
The magic dart hits the rat.
You kill the rat!
You can't see any susceptible monsters within range! (Use Z to cast anyway.)
You can't see any susceptible monsters within range! (Use Z to cast anyway.)
You now have 95 gold pieces (gained 13).
You now have 106 gold pieces (gained 11).
Found a hat.
Found a stone staircase leading up.
There is a stone staircase leading up here.
A frilled lizard comes into view.
A frilled lizard is nearby!
The magic dart hits the frilled lizard!
You kill the frilled lizard!
You can't see any susceptible monsters within range! (Use Z to cast anyway.)
You can't see any susceptible monsters within range! (Use Z to cast anyway.)
You can't see any susceptible monsters within range! (Use Z to cast anyway.)
You see here a frilled lizard corpse.
A quokka comes into view.
A quokka is nearby!
A quokka is nearby!
A quokka is nearby!
The magic dart hits the quokka.
The quokka is heavily wounded.
The magic dart hits the quokka but does no damage.
The quokka is heavily wounded.
The magic dart hits the quokka.
You kill the quokka!
You have reached level 5!
Your demonic ancestry asserts itself...
You begin to emit a foul stench of rot and decay.
Are you sure you want to abandon this character and quit the game? (Confirm with "yes".)

#g#####..#.. #####.#### #
#.#####..... #.....# #
###.......##...# ####.##### #
.....#######...# #........# #
##.#.# #...# #.##.###.# ##.#.#
#...# ###.##.###.#### .÷.#.#
#...# #..............
#>.#.#######..†####.#.#...##.#...
#..#............@.....#.#.##.#...
....)#...........)...............
..###................#..#.#..#...
..# #.#####....#.##.....#.....†..
.## #.# #....#.#####..#.#..#...
.# #)# #....#.# #..#.#..#### .#
#.# #....#.# #.......#### .####.#
#....#.# #.......##.# ......#
#......# #.##........


There were no monsters in sight!

Vanquished Creatures
  Robin (D:3)
  3 adders (D:3)
  3 gnolls (D:3)
  2 dart slugs (D:2)
  An orc (D:3)
  6 bats
  4 endoplasms (D:1)
  A giant cockroach (D:1)
  13 goblins
  7 hobgoblins
  3 jackals (D:1)
  3 quokkas
  3 ball pythons
  A frilled lizard (D:3)
  5 kobolds
  4 rats
60 creatures vanquished.

Notes
Turn   | Place    | Note
-------+----------+-------------------------------------------
     0 | D:1      | vishdafish the Demonspawn Conjurer began the quest for the
                  | Orb.
     0 | D:1      | Reached XP level 1. HP: 13/13 MP: 3/3
   409 | D:1      | Gained mutation: You regenerate a little health from kills.
                  | [demonic ancestry]
   409 | D:1      | Reached XP level 2. HP: 19/19 MP: 0/5
   724 | D:1      | Gained mutation: You are partially covered in razor-sharp
                  | scales. (AC +1, Slay +1) [demonic ancestry]
   724 | D:1      | Reached XP level 3. HP: 24/24 MP: 3/6
  1382 | D:2      | Noticed Sigmund
  1520 | D:3      | Reached XP level 4. HP: 26/30 MP: 3/8
  1703 | D:3      | Learned a level 4 spell: Fulminant Prism
  1714 | D:3      | Learned a level 4 spell: Iskenderun's Mystic Blast
  1720 | D:3      | Noticed Robin
  1968 | D:3      | Reached skill level 5 in Conjurations
  2158 | D:3      | Killed Robin
  2317 | D:3      | Gained mutation: You may rarely emit foul miasma when
                  | damaged in melee. [demonic ancestry]
  2317 | D:3      | Reached XP level 5. HP: 35/35 MP: 6/10
  2317 | D:3      | Quit the game

Illustrated notes

Levels and vault maps discovered:
D:1:      lemuel_arrival_behind_the_door_small, layout_basic, st_stairs_13,
          minmay_crystal_water, minmay_split_cup_large
D:2:      layout_rooms, uniq_sigmund, uniq_crazy_yiuf_cottage
D:3:      layout_loops_cross, kennysheep_generic_room_14, uniq_robin

Skill      XL: |  1  2  3  4 |
---------------+-------------+-----
Stealth        | 2 |  2.0
Spellcasting   | 3 |  3.6
Conjurations   | 5 |  5.2
Dodging        | |  1.9

Action                   |  1- 3 |  4- 6 || total
-------------------------+-------+-------++-------
Melee: Club              |     6 |       ||     6
       Short sword       |    41 |    25 ||    66
       Punch             |       |     1 ||     1
 Cast: Magic Dart        |    61 |    29 ||    90
  Use: Potion            |     1 |     4 ||     5
       Scroll            |       |     2 ||     2
Armor: Robe              |    18 |     7 ||    25
Dodge: Dodged            |    55 |    21 ||    76
